AoeStats
← waLLefps.

Arena

506890925Analyzed
4v4 RM · 16d ago on Sep 15, 2026· 49m 0s· 8 players
Game mode
Random Map
Map size
Large (8 player)
Population
200
Speed
Normal
Resources
Standard
Victory
Conquest
Starting age
Dark Age
Ending age
Imperial Age
RankedLock teamsTeams togetherTeam positionsShared explorationLock speedFull tech treeHidden civsTurbo modeCheats
Victory
Defeat
🇻🇳 Bohemians · Vietnam
1494
+17
🇹🇷 Turks · Türkiye
1434
+19
🇹🇷 Hindustanis · Türkiye
1428
+19
🇹🇷 Poles · Türkiye
1414
+20
🇺🇸 Slavs · United States
1543
-21
🇨🇭 Burmese · Switzerland
1507
-19
🇦🇹 Britons · Austria
1493
-18
🇦🇷 Burgundians · Argentina
1458
-17
Dificult
11:15 Feudal Age
14:56 Castle Age
13:11 Double-Bit Axe
14:07 Bow Saw
13:58 Horse Collar
16:54 Heavy Plow
19:42 Two-Man Saw
21:59 Heavy Plow
23:26 Wheelbarrow
24:25 Crop Rotation
24:44 Hand Cart
24:56 Forging
24:52 Scale Barding Armor
24:49 Gold Mining
26:51 Gold Shaft Mining
27:24 Stone Mining
27:57 Chain Barding Armor
29:36 Husbandry
30:16 Iron Casting
31:15 Stone Shaft Mining
33:40 Imperial Age
30:56 Loom
31:34 Cavalier
32:16 Fletching
32:19 Town Watch
33:23 Burgundian Vineyards
35:10 Plate Barding Armor
34:58 Conscription
34:04 Elite Coustillier
36:15 Scale Mail Armor
37:39 Blast Furnace
36:17 Paladin
37:14 Chain Mail Armor
38:02 Bodkin Arrow
39:09 Chemistry
39:37 Squires
40:09 Plate Mail Armor
39:27 Arson
39:16 Pikeman
40:04 Halberdier
42:01 Light Cavalry
43:27 Caravan
43:11 Hussar
47:08 Bodkin Arrow
47:35 Ballistics
Igris
12:36 Feudal Age
12:36 Loom
16:31 Castle Age
20:38 Imperial Age
20:04 Fervor
20:20 Sanctity
21:36 Block Printing
22:04 Illumination
22:06 Redemption
22:25 Illumination
23:41 Fervor
24:19 Theocracy
31:30 Pikeman
34:44 Scale Mail Armor
43:06 Herbal Medicine
AML4554
10:15 Feudal Age
14:41 Castle Age
12:55 Double-Bit Axe
12:58 Horse Collar
15:01 Loom
16:55 Bow Saw
23:05 Heavy Plow
23:56 Wheelbarrow
24:56 Stone Mining
26:48 Hand Cart
29:50 Imperial Age
30:00 Scale Barding Armor
29:57 Gold Mining
30:45 Detinets
31:31 Conscription
31:33 Chain Barding Armor
31:26 Forging
30:59 Elite Boyar
32:26 Gold Shaft Mining
32:23 Crop Rotation
32:54 Two-Man Saw
33:20 Plate Barding Armor
34:30 Iron Casting
34:35 Capped Ram
34:38 Man-at-Arms
35:18 Squires
36:20 Blast Furnace
35:22 Scale Mail Armor
34:49 Pikeman
36:16 Druzhina
35:39 Halberdier
36:22 Long Swordsman
37:51 Coinage
37:24 Caravan
37:57 Masonry
37:38 Siege Ram
39:18 Hoardings
39:58 Two-Handed Swordsman
41:55 Banking
42:35 Bloodlines
42:26 Husbandry
41:46 Light Cavalry
41:58 Champion
45:29 Hussar
maxder
10:26 Feudal Age
14:03 Castle Age
12:00 Double-Bit Axe
12:22 Horse Collar
15:20 Bow Saw
15:10 Heavy Plow
15:41 Heavy Plow
20:24 Town Watch
21:16 Wheelbarrow
21:01 Gold Mining
23:23 Gold Shaft Mining
22:59 Fletching
23:10 Loom
23:33 Padded Archer Armor
23:47 Bodkin Arrow
24:55 Ballistics
29:16 Imperial Age
29:27 Leather Archer Armor
30:11 Bracer
31:20 Chemistry
42:14 Ring Archer Armor
42:49 Two-Man Saw
42:54 Hand Cart
43:12 Conscription
43:20 Yeomen
43:25 Stone Mining
43:16 Elite Longbowman
45:25 Masonry
44:55 Treadmill Crane
45:26 Crossbowman
45:53 Arbalester
49:36 Hoardings
klostrofobikköstebek
10:51 Feudal Age
14:25 Castle Age
12:33 Double-Bit Axe
12:53 Horse Collar
15:47 Heavy Plow
16:44 Wheelbarrow
17:50 Loom
18:41 Hand Cart
26:29 Imperial Age
25:25 Scale Barding Armor
25:22 Husbandry
25:33 Bloodlines
25:54 Bow Saw
25:36 Gold Mining
26:11 Forging
27:25 Chain Barding Armor
28:10 Heavy Camel Rider
31:52 Chemistry
32:34 Two-Man Saw
32:10 Gold Shaft Mining
31:26 Stone Mining
32:36 Plate Barding Armor
32:38 Iron Casting
32:17 Imperial Camel Rider
35:00 Shatagni
36:24 Padded Archer Armor
36:15 Fletching
37:26 Blast Furnace
38:13 Leather Archer Armor
37:54 Bodkin Arrow
39:18 Stone Shaft Mining
41:45 Ballistics
41:31 Siege Engineers
45:25 Bracer
45:55 Ring Archer Armor
46:09 Light Cavalry
48:15 Hussar
49:05 Thumb Ring
49:04 Scale Mail Armor
waLLefps.
13:00 Feudal Age
16:40 Castle Age
14:43 Double-Bit Axe
14:50 Horse Collar
15:33 Gold Mining
17:34 Bow Saw
17:25 Heavy Plow
22:04 Forging
22:44 Husbandry
27:41 Bloodlines
27:34 Stone Mining
27:47 Loom
28:41 Wheelbarrow
30:02 Iron Casting
32:15 Hand Cart
33:32 Gold Shaft Mining
36:39 Imperial Age
33:57 Town Watch
35:16 Padded Archer Armor
35:22 Scale Barding Armor
37:45 Chain Barding Armor
37:15 Fletching
37:41 Leather Archer Armor
38:29 Conscription
38:20 Elite Janissary
40:14 Ring Archer Armor
41:53 Plate Barding Armor
43:43 Ballistics
43:33 Masonry
45:12 Blast Furnace
9:53 Feudal Age
14:06 Castle Age
12:40 Double-Bit Axe
17:39 Chemistry
17:05 Loom
17:40 Horse Collar
19:57 Town Watch
23:46 Padded Archer Armor
25:23 Wheelbarrow
29:30 Bow Saw
36:07 Imperial Age
35:20 Scale Mail Armor
35:31 Forging
35:37 Leather Archer Armor
35:55 Hand Cart
35:40 Pikeman
36:38 Fortified Wall
36:43 Squires
36:47 Halberdier
37:54 Fervor
38:05 Sanctity
38:23 Chain Mail Armor
38:43 Iron Casting
40:17 Plate Mail Armor
42:08 Two-Man Saw
42:45 Blast Furnace
41:58 Elite Skirmisher
42:31 Fletching
43:12 Heavy Plow
44:47 Ballistics
45:15 Caravan
45:56 Bodkin Arrow
46:21 Siege Engineers
48:31 Conscription
48:19 Wagenburg Tactics
48:47 Bracer
49:03 Leather Archer Armor
Tameryig1t
10:36 Feudal Age
12:35 Loom
15:08 Castle Age
13:33 Double-Bit Axe
14:00 Horse Collar
15:04 Stone Mining
15:04 Gold Mining
16:17 Wheelbarrow
17:22 Bow Saw
21:04 Forging
20:54 Scale Mail Armor
23:27 Heavy Plow
27:32 Chain Mail Armor
28:58 Iron Casting
29:59 Hand Cart
34:06 Imperial Age
31:21 Town Watch
33:49 Scale Barding Armor
34:39 Husbandry
34:50 Bloodlines
34:53 Szlachta Privileges
35:32 Chain Barding Armor
34:46 Cavalier
34:50 Light Cavalry
37:18 Blast Furnace
37:17 Crop Rotation
37:41 Conscription
40:04 Lechitic Legacy
42:40 Fletching
42:50 Padded Archer Armor
44:39 Elite Obuch
45:52 Plate Mail Armor
46:06 Stone Shaft Mining
47:40 Thumb Ring
48:44 Caravan
49:14 Coinage
Connection lost

Rejoining the realm…

Still unreachable

The connection could not be restored.

Session expired

The server has moved on; the page needs a fresh start.